 Dungeon Crawl Stone Soup version 0.22-a0-815-gb582571 (webtiles) character file.

46 iamserjio the Chiller (level 3, -1/24 HPs)
             Began as a Barachi Ice Elementalist on July 23, 2018.
             Slain by a dart slug (2 damage)
             ... on level 2 of the Dungeon.
             The game lasted 00:03:50 (449 turns).

iamserjio the Chiller (Barachi Ice Elementalist)     Turns: 449, Time: 00:03:51

Health: -1/24      AC:  2    Str:  9    XL:     3   Next: 66%
Magic:  1/7        EV: 12    Int: 16    God:
Gold:   38         SH:  0    Dex: 12    Spells: 5/8 levels left

rFire    . . .     SeeInvis .   d - +0 dagger (flame)
rCold    . . .     Gourm    .   (no shield)
rNeg     . . .     Faith    .   a - +0 robe
rPois    .         Spirit   .   (no helmet)
rElec    .         Reflect  .   (no cloak)
rCorr    .         Harm     .   (no gloves)
MR       .....                  (no boots)
Stlth    ++........             (no amulet)
HPRegen  0.08/turn              b - ring of wizardry
MPRegen  0.10/turn              (no ring)

@: slow
A: +LOS, swims, slowness 1, strong legs 1
a: Hop


You were on level 2 of the Dungeon.
You were not hungry.

You visited 1 branch of the dungeon, and saw 2 of its levels.

You collected 38 gold pieces.

Inventory:

Hand Weapons
 d - a +0 dagger of flaming (weapon)
 m - a +2 hand axe of electrocution
Missiles
 l - 19 arrows
Armour
 a - a +0 robe (worn)
Jewellery
 b - a ring of wizardry (left hand)
Scrolls
 e - a scroll of blinking {unknown}
 f - a scroll of enchant armour {unknown}
 g - a scroll of immolation {unknown}
 k - a scroll of remove curse {unknown}
 n - a scroll of magic mapping {unknown}
Potions
 h - a potion of flight {unknown}
 j - a potion of mutation {unknown}
Comestibles
 c - 2 rations
 i - 3 chunks of flesh


   Skills:
 - Level 2.1 Dodging
 - Level 1.7 Stealth
 + Level 3.2 Spellcasting
 - Level 1.1 Conjurations
 + Level 4.6 Ice Magic


You had 5 spell levels left.
You knew the following spells:

 Your Spells              Type           Power        Failure   Level  Hunger
a - Freeze                Ice            ###.         1%          1    None
b - Throw Frost           Conj/Ice       ##....       3%          2    ##.....

Your spell library contained the following spells:

 Spells                   Type           Power        Failure   Level  Hunger
 Summon Ice Beast         Ice/Summ       ##......     26%         4    ####...
 Ozocubu's Armour         Chrm/Ice       ##......     9%          3    ###....
 Throw Icicle             Conj/Ice       ##......     22%         4    ####...


Dungeon Overview and Level Annotations

Branches:
Dungeon (2/15)

Altars:
Qazlal
Zin


Innate Abilities, Weirdness & Mutations

Shadows flee at your approach. (+LOS)
You can swim through water.
You cover ground slowly.
You can hop short distances.


Message History

Aiming: Freeze (safe; 1% risk of failure)
Press: ? - help, Shift-Dir - straight line, f - dart slug
Aim: a dart slug (clinging)
You freeze the dart slug.
The dart slug is lightly wounded.
The leopard gecko hisses angrily.
Casting: Freeze (safe; 1% risk of failure)
Confirm with . or Enter, or press ? or * to list all spells.
Aiming: Freeze (safe; 1% risk of failure)
Press: ? - help, Shift-Dir - straight line, f/p - dart slug
Aim: a dart slug (lightly wounded, clinging)
You freeze the dart slug.
The dart slug is heavily wounded.
The dart slug launches a dart at you. The slug dart hits you!
* * * LOW HITPOINT WARNING * * *
You hit the dart slug. You burn the dart slug.
The dart slug is almost dead.
The dart slug bites you.
You die...

......[.# #..
...####.# #.. ####
# .. # #.#.## # .
... # #.#.# #
#.#.######
#...†....#
#.#@####.# #.#w#
#.# #.#l# ##.# ###
#.#.###.#.# ..#
#.#.##.###.#
#.##########.#...##
#..
#.##..........###.#
### #.##.##.#####.#
#.# ###.##.##.# #.#
#.#


You could see a dart slug and a leopard gecko.

Vanquished Creatures
  2 adders (D:2)
  A dart slug (D:1)
  A leopard gecko (D:2)
  4 giant cockroaches
  3 goblins
  2 hobgoblins (D:1)
  3 kobolds
  5 bats
  A frilled lizard (D:1)
  3 rats
25 creatures vanquished.

Notes
Turn   | Place    | Note
-------+----------+-------------------------------------------
     0 | D:1      | iamserjio the Barachi Ice Elementalist began the quest for the Orb.
     0 | D:1      | Reached XP level 1. HP: 13/13 MP: 3/3
   103 | D:1      | Reached XP level 2. HP: 14/19 MP: 1/5
   111 | D:1      | Reached skill level 4 in Ice Magic
   275 | D:2      | Learned a level 2 spell: Throw Frost
   300 | D:2      | Found a glowing silver altar of Zin.
   309 | D:2      | Reached XP level 3. HP: 9/24 MP: 4/7
   326 | D:2      | Found a stormy altar of Qazlal.
   448 | D:2      | HP: 1/24 [dart slug/slug dart (5)]
   449 | D:2      | Slain by a dart slug

Vault maps used:
D:1:      lightli_iron_boxes
D:2:      lemuel_crystal_altar, nicolae_overflow_crystal_walls,
          minmay_item_behind_shaft

Skill      XL: |  1  2  3 |
---------------+----------+-----
Ice Magic      | 4 |  4.6
Spellcasting   | 3 |  3.2
Dodging        | |  2.1
Stealth        | |  1.7
Conjurations   | |  1.1

Action                   || total
-------------------------++-------
Melee: Unarmed           ||    12
       Dagger            ||    29
 Cast: Freeze            ||    29
       Throw Frost       ||     1
 Stab: Sleeping          ||     4
Armor: Robe              ||    15
Dodge: Dodged            ||    44

Table legend:
 A = Spawn XP
 B = Non-spawn XP
 C = Spawn XP percentage of total XP
 D = Spawn monster count
 E = Non-spawn monster count
 F = Spawn count percentage of total count
 G = Total turns spent on level
                    A         B        C        D         E        F      G
               +---------+---------+-------+---------+---------+-------+---------
         Total |       0 |      66 |   0.0 |       0 |      25 |   0.0 |   449
               +---------+---------+-------+---------+---------+-------+---------
           D:1 |       0 |      26 |   0.0 |       0 |      16 |   0.0 |   271
           D:2 |       0 |      40 |   0.0 |       0 |       9 |   0.0 |   178
               +---------+---------+-------+---------+---------+-------+---------
